 Dungeon Crawl Stone Soup version 0.27-a0-1308-gc08437e49b (webtiles) character file.

Game seed: 7192571489521868534

142790 Zonian the Devastator (level 17, -3/83 HPs)
             Began as a Tengu Conjurer on June 18, 2021.
             Was a High Priest of Vehumet.
             Slain by a salamander (15 damage)
             ... on level 2 of the Snake Pit on June 19, 2021.
             The game lasted 03:05:41 (76335 turns).

Zonian the Devastator (Tengu Conjurer)             Turns: 76335, Time: 03:05:42

Health: -3/83      AC: 22    Str:  9    XL:     17   Next: 36%
Magic:  5/33       EV: 17    Int: 30    God:    Vehumet [*****.]
Gold:   363        SH: 13    Dex: 13    Spells: 0/38 levels left

rFire    . . .     SeeInvis .   E - staff of conjuration
rCold    . . .     Faith    .   D - +3 buckler
rNeg     . . .     Spirit   .   w - +1 swamp dragon scales
rPois    +         Reflect  +   l - +2 hat
rElec    .         Harm     .   (no cloak)
rCorr    .         Rampage  .   q - +2 pair of gloves
Will     +....                  (boots unavailable)
Stlth    ++++......             A - amulet of reflection
HPRegen  0.23/turn              b - ring of the Tortoise {AC+8}
MPRegen  0.23/turn              X - +6 ring of intelligence

@: flying quickly and evasively, quick
A: beak, talons 3, nimble flight, frail 2
a: Renounce Religion


You were on level 2 of the Snake Pit.
You worshipped Vehumet.
Vehumet was extremely pleased with you.
You visited 4 branches of the dungeon, and saw 25 of its levels.
You visited the Abyss 1 time.
You visited 1 bazaar.
You also visited: Sewer.

You collected 2714 gold pieces.
You spent 2351 gold pieces at shops.

Inventory:

Hand Weapons
 p - a +6 short sword of venom
 I - the +2 long sword "Jivuirph" {freeze, Int+3}
   (You found it on level 14 of the Dungeon)

   It has been specially enchanted to freeze those struck by it, causing extra
   injury to most foes and up to half again as much damage against particularly
   susceptible opponents.
   It can also slow down cold-blooded creatures.
   It affects your intelligence (+3).
Missiles
 h - 2 silver javelins
 i - 13 curare-tipped darts
 H - a throwing net
 J - 97 poisoned darts
Armour
 l - a +2 hat (worn)
 q - a +2 pair of gloves (worn)
 w - +1 swamp dragon scales (worn)
 D - a +3 buckler (worn)
 M - a +2 robe of resistance
Magical Staves
 E - a staff of conjuration (weapon)
 L - a staff of fire
 U - a staff of cold
Jewellery
 b - the ring of the Tortoise (left hand) {AC+8}
   (You acquired it on level 5 of the Dungeon)

   [ring of protection]

   It affects your AC (+8).
 o - a ring of resist corrosion
 A - an amulet of reflection (around neck)
 C - a +6 ring of strength
 X - a +6 ring of intelligence (right hand)
Wands
 a - a wand of digging (4)
 z - a wand of mindburst (8)
 F - a wand of flame (32)
 G - a wand of iceblast (3)
 O - a wand of paralysis (16)
Scrolls
 d - a scroll of amnesia
 f - 5 scrolls of silence
 g - 3 scrolls of fear
 r - 4 scrolls of immolation
 K - 5 scrolls of teleportation
 S - 4 scrolls of fog
 V - 13 scrolls of identify
 Y - a scroll of magic mapping
 Z - a scroll of blinking
Potions
 c - 2 potions of ambrosia
 k - 14 potions of brilliance
 m - 2 potions of resistance
 n - 3 potions of might
 s - 6 potions of haste
 t - 3 potions of invisibility
 x - 4 potions of magic
 y - 3 potions of heal wounds
 N - a potion of berserk rage
 Q - 9 potions of curing
Miscellaneous
 e - a phantom mirror
 P - a lightning rod (1/4)
 R - a condenser vane


   Skills:
 + Level 11.0 Fighting
 - Level 1.0 Short Blades
 + Level 3.0 Armour
 + Level 12.2 Dodging
 + Level 12.8 Stealth
 - Level 4.0 Shields
 + Level 11.2 Spellcasting
 + Level 15.9 Conjurations
 - Level 2.8 Hexes
 + Level 6.5 Translocations
 + Level 1.6 Fire Magic
 + Level 6.2 Ice Magic
 + Level 12.3 Air Magic
 + Level 4.7 Poison Magic
 + Level 6.3 Evocations


You couldn't memorise any spells.
You knew the following spells:

 Your Spells              Type           Power      Damage    Failure   Level
a - Magic Dart            Conj           100%       1d8       0%          1
b - Searing Ray           Conj           100%       3d7       0%          2
c - Iskenderun's Mystic   Conj/Tloc      90%        2d18      1%          4
d - Lightning Bolt        Conj/Air       50%        1d71      1%          5
e - Dazzling Flash        Conj/Hex       100%       N/A       1%          3
f - Fulminant Prism       Conj/Hex       41%        3d20      1%          4
g - Airstrike             Air            37%        N/A       1%          4
h - Freezing Cloud        Conj/Ice/Air   45%        6-21      1%          5
i - Hailstorm             Conj/Ice       90%        3d18      1%          4
j - Mephitic Cloud        Conj/Pois/Air  90%        N/A       1%          3
k - Ignite Poison         Fire/Tmut/Pois 29%        N/A       2%          3

Your spell library contained the following spells:

 Spells                   Type           Power      Damage    Failure   Level
 Lee's Rapid Deconstruct  Erth           8%         3d8*      47%         5
 Freeze                   Ice            100%       1d11      1%          1
 Poisonous Vapours        Pois/Air       100%       N/A       1%          2
 Static Discharge         Conj/Air       100%       N/A       1%          2
 Conjure Flame            Conj/Fire      81%        6-21      1%          3
 Frozen Ramparts          Ice            100%       1d12      1%          3
 Ozocubu's Armour         Ice            53%        N/A       1%          3
 Fireball                 Conj/Fire      40%        3d16      1%          5
 Summon Lightning Spire   Summ/Air       52%        N/A       6%          4
 Summon Small Mammal      Summ           64%        N/A       9%          1
 Starburst                Conj/Fire      40%        8x6d12    9%          6
 Call Imp                 Summ           16%        N/A       12%         2
 Summon Guardian Golem    Hex/Summ       25%        N/A       14%         3
 Summon Ice Beast         Ice/Summ       35%        N/A       22%         4
 Call Canine Familiar     Summ           16%        N/A       24%         3
 Metabolic Englaciation   Hex/Ice        22%        N/A       34%         5
 Ignition                 Fire           13%        3d6       100%        8
 Polar Vortex             Ice            26%        N/A       100%        9
 Shatter                  Erth           8%         3d10*     100%        9


Dungeon Overview and Level Annotations

Branches:
Dungeon (15/15)            Temple (0/1) D:5            Lair (6/6) D:8
  Swamp (0/4) Lair:4        Snake (2/4) Lair:3        Slime (0/5) Lair:6
    Orc (2/2) D:11            Elf (0/3) Orc:2        Vaults (0/5) D:14
 Depths (0/5) D:15          Sewer (visited)

Altars:
Dithmenos
Elyvilon
Fedhas
Gozag
Kikubaaqudgha
Makhleb
Qazlal
Sif Muna
Trog
Vehumet
Wu Jian
Yredelemnul
The Shining One
Beogh
Jiyva
Lugonu

Shops:
D:6 *   D:11 *   D:12 [   Orc:1 *   Orc:2 [(?!   Snake:1 :(   Snake:2 !

Portals:
Abyss: D:10

Annotations:
D:8 2 transporters, CowFu's ghost, novice DDBe
D:12 Rupert
Orc:2 3 runed translucent doors, flotson's ghost, journeyman DsDe


Innate Abilities, Weirdness & Mutations

You have a beak for a mouth.
You have claws for feet.
Your magical nature lets you fly swiftly and evasively.
You are very frail. (-20% HP)


Message History

Aim: a salamander, wielding a +0 glaive (fast, chance to affect: 73%)
The salamander struggles to resist.
You block the salamander's attack.
A lava snake comes into view.
The salamander closely misses you.
Unknown command.
Aiming: Mindburst
Press: ? - help, Shift-Dir - straight line, f/p - salamander
Aim: a salamander, wielding a +0 glaive (fast, chance to affect: 73%)
The salamander's mind is blasted!!
The salamander barely misses you.
A salamander comes into view. It is wielding a +0 halberd.
Unknown command.
Aiming: Mindburst
Press: ? - help, Shift-Dir - straight line, f/p - salamander
Aim: a salamander, wielding a +0 glaive (moderately wounded, fast, chance to affect: 73%)
The salamander's mind is blasted!!
The salamander hits you from afar with a +0 glaive.
You are engulfed in flames!
The salamander misses you.
Unknown command.
Aiming: Iceblast
Press: ? - help, Shift-Dir - straight line, f/p - salamander
Aim: a salamander, wielding a +0 glaive (severely wounded, fast)
The mass of ice explodes!
The iceblast engulfs the salamander!!
The salamander is frozen!
You kill the salamander!
Vehumet accepts your kill.
The iceblast engulfs the salamander!
The salamander is frozen!
The salamander is moderately wounded.
Aiming: Mindburst
Press: ? - help, Shift-Dir - straight line, f - salamander
Aim: a salamander, wielding a +0 halberd (moderately wounded, chance to affect: 73%)
The salamander's mind is blasted!!
You block the salamander's attack.
Unknown command.
Aiming: Mindburst
Press: ? - help, Shift-Dir - straight line, f/p - salamander
Aim: a salamander, wielding a +0 halberd (heavily wounded, chance to affect: 73%)
The salamander struggles to resist.
The salamander hits you from afar with a +0 halberd!!
* * * LOW HITPOINT WARNING * * *
You are engulfed in flames!
You die...

#,*#.#....#**≈≈≈≈§≈§≈≈≈§§≈≈≈≈≈≈≈*
#,*#.#....# *#≈§≈§§§≈≈≈§≈≈≈≈≈≈≈≈≈
#,*#.#....####≈§≈§≈§≈≈§≈≈≈≈≈≈≈≈≈≈
#,*#.#..)......§≈§≈≈≈≈≈≈≈≈≈≈≈≈≈≈≈
#,,..####....).§.S§§N≈≈≈≈≈≈≈≈≈≈≈≈
#########..#.#..)#§§§≈≈§≈§≈≈≈≈≈≈≈
........'..#.#..N+.§§≈>§§§≈≈≈*≈≈≈
#######.#.##.##.(#####.###*******
# #.#.#...#.@# #.#
############.#########)#
.##.......#...#........##########
....###.....♣.....###..#..).).)..
......###.#...#.### ##.#.########
.......)###.∩.### #.#.#)......
..#######.#...#.### #.#.#.#####.
#.#####.....♣)(...####.#.#§#§§.#.
#.........#...#........#.#§#§#.#.


You could see a salamander and a lava snake.

Vanquished Creatures
  A tentacled starspawn (Abyss:2)
  Kirke (Snake:1)
  Louise (D:15)
  Azrael (D:14)
  An eidolon (Abyss:2)
  A fire dragon (D:14)
  A great orb of eyes (D:14)
  Josephine (D:12)
  5 naga warriors (Snake:2)
  7 hydras
  A vault guard (D:14)
  3 boulder beetles
  4 centaur warriors
  4 two-headed ogres
  6 death yaks
  4 anacondas (Snake:1)
  A vampire mage (Abyss:2)
  2 thrashing horrors (Abyss:2)
  5 tengu warriors
  2 naga sharpshooters (Snake:1)
  5 shock serpents
  Nergalle (D:11)
  2 sixfirhies (Abyss:2)
  3 salamander mystics (Snake:2)
  2 flayed ghosts
  2 wizards (D:14)
  2 naga ritualists (Snake:1)
  3 orc sorcerers
  2 deep elf pyromancers
  A necromancer (D:14)
  3 phantasmal warriors
  A fire giant zombie (Abyss:2)
  13 salamanders
  11 ugly things (D:14)
  2 mana vipers (Snake:1)
  13 orc knights
  3 manticores
  11 cyclopes
  24 black mambas
  A rust devil (Abyss:2)
  17 elephants
  6 naga magi
  A smoke demon (Abyss:2)
  A torpor snail (shapeshifter) (D:12)
  25 cane toads
  A gargoyle (D:12)
  Maggie (Lair:1)
  A yaktaur (D:15)
  An efreet (D:13)
  2 kobold demonologists (D:12)
  2 unseen horrors
  4 rime drakes
  13 komodo dragons
  2 tengu conjurers (D:15)
  3 meliai (D:9)
  4 ancient zymes
  7 trolls
  A raiju (Abyss:2)
  2 polar bears
  4 dream sheep (Lair:4)
  4 tyrant leeches
  12 slime creatures
  21 blink frogs
  A flying skull (Abyss:2)
  3 starcursed masses (Abyss:2)
  A vampire (D:12)
  A shadow (D:11)
  A centaur simulacrum (D:14)
  8 wraiths
  5 wyverns
  An ice dragon skeleton (Abyss:2)
  A spriggan (Lair:5)
  5 large abominations (Abyss:2)
  3 basilisks
  6 hogs (Snake:1)
  22 yaks
  5 fire elementals (D:14)
  21 humans (D:14)
  12 vampire mosquitoes
  4 steam dragons
  3 neqoxecs (Abyss:2)
  19 nagas
  6 wargs
  3 acid dragons (D:10)
  13 water moccasins
  3 hell hounds (D:14)
  A hydra simulacrum (Abyss:2)
  A sky beast (D:8)
  40 orc warriors
  A boggart (D:13)
  3 ice beasts
  4 black bears
  9 ogres
  9 centaurs
  3 phantoms
  7 kobold brigands
  22 bullfrogs
  A gnoll sergeant (D:8)
  7 scorpions
  6 small abominations (Abyss:2)
  A water moccasin skeleton (D:5)
  4 wights
  An electric eel (Lair:6)
  A howler monkey (D:9)
  3 centaur zombies
  A bullfrog zombie (D:5)
  5 jellies
  12 orc priests
  A gnoll shaman (D:8)
  Jessica (D:2)
  A scorpion zombie (D:5)
  4 hell rats (Lair:6)
  28 orc wizards
  A killer bee zombie (D:7)
  10 adders
  9 gnolls
  A howler monkey zombie (D:9)
  A river rat (Sewer)
  3 white imps
  3 ufetubi (Abyss:2)
  4 worms
  4 dart slugs
  113 orcs
  11 ball pythons
  9 bats
  7 endoplasms
  2 giant cockroaches
  4 goblins
  3 hobgoblins
  8 jackals (D:2)
  3 quokkas
  2 frilled lizards
  29 kobolds
  7 rats
  2 lurking horrors (D:10)
852 creatures vanquished.

Vanquished Creatures (others)
  6 bushes (Lair:6)
  63 fulminant prisms
  56 fungi
  152 plants
  4 starspawn tentacles (Abyss:2)
281 creatures vanquished.

Grand Total: 1133 creatures vanquished

Notes
Turn   | Place    | Note
-------+----------+-------------------------------------------
     0 | D:1      | Zonian the Tengu Conjurer began the quest for the Orb.
     0 | D:1      | Reached XP level 1. HP: 10/10 MP: 4/4
   269 | D:1      | Reached XP level 2. HP: 15/15 MP: 1/6
   355 | D:1      | Learned a level 2 spell: Searing Ray
   564 | D:1      | Reached skill level 6 in Conjurations
  1107 | D:2      | Reached XP level 3. HP: 19/19 MP: 2/7
  2083 | D:2      | Reached XP level 4. HP: 24/24 MP: 5/8
  2507 | D:2      | Noticed Jessica
  2513 | D:2      | Killed Jessica
  2514 | D:2      | Reached skill level 7 in Conjurations
  2796 | D:2      | Found a faded altar of an unknown god.
  3457 | D:3      | Gained mutation: Your magical nature lets you fly swiftly
                  | and evasively. [Tengu growth]
  3457 | D:3      | Reached XP level 5. HP: 28/28 MP: 6/9
  3522 | D:3      | Found a radiant altar of Vehumet.
  3643 | D:3      | Became a worshipper of Vehumet
  4302 | D:4      | Identified the +2 helmet "Cipiqumyi" {rC+}
  4403 | D:4      | Found a shadowy altar of Dithmenos.
  4421 | D:4      | Noticed a phantom
  4428 | D:4      | Killed a phantom
  4690 | D:4      | Reached XP level 6. HP: 30/32 MP: 2/11
  4992 | D:4      | Reached skill level 8 in Conjurations
  5262 | D:4      | Found a bloodstained altar of Trog.
  6207 | D:5      | Entered Level 5 of the Dungeon
  6519 | D:5      | Reached XP level 7. HP: 36/36 MP: 9/13
  7905 | D:5      | Found a staircase to the Ecumenical Temple.
  7956 | D:5      | Identified a scroll of acquirement
  7956 | D:5      | Acquired the ring of the Tortoise {AC+8}
  7957 | D:5      | Found the ring of the Tortoise {AC+8}
  8392 | D:5      | Reached skill level 5 in Stealth
  8514 | D:5      | Reached skill level 9 in Conjurations
  8805 | D:5      | Reached XP level 8. HP: 42/42 MP: 9/15
  8973 | D:5      | Reached * piety under Vehumet
  8973 | D:5      | Offered knowledge of Sandblast by Vehumet.
  8974 | D:5      | Reached skill level 1 in Short Blades
  9034 | D:5      | Reached skill level 1 in Fighting
  9693 | D:5      | Reached skill level 5 in Spellcasting
  9832 | D:5      | Learned a level 4 spell: Iskenderun's Mystic Blast
  9837 | D:5      | Found a blossoming altar of Fedhas.
  9872 | D:5      | You are sucked into a shaft and drop 2 floors!
 10041 | D:6      | Reached skill level 10 in Conjurations
 10085 | D:6      | Reached XP level 9. HP: 49/49 MP: 12/17
 10348 | D:6      | Found a glowing drain.
 10363 | Sewer    | Entered a sewer
 11444 | Sewer    | Reached ** piety under Vehumet
 11444 | Sewer    | Offered knowledge of Shock by Vehumet.
 12335 | D:6      | Reached skill level 5 in Dodging
 12832 | D:6      | Found Gozag's Platinum Reserve.
 12834 | D:6      | Found an opulent altar of Gozag.
 13200 | D:7      | Found a runed translucent door.
 13273 | D:7      | Found a white marble altar of Elyvilon.
 14514 | D:7      | Offered knowledge of Static Discharge by Vehumet.
 14519 | D:7      | Reached XP level 10. HP: 44/58 MP: 13/20
 14639 | D:7      | Reached skill level 11 in Conjurations
 14870 | D:7      | Reached *** piety under Vehumet
 15917 | D:8      | Found an ancient bone altar of Kikubaaqudgha.
 15935 | D:8      | Noticed an elephant
 15943 | D:8      | Reached skill level 1 in Translocations
 15958 | D:8      | Killed an elephant
 15994 | D:8      | Found a transporter.
 16313 | D:8      | Found a basalt altar of Yredelemnul.
 16315 | D:8      | Noticed a profane servitor
 16481 | D:8      | Found a glowing golden altar of the Shining One.
 16486 | D:8      | Noticed an angel
 16551 | D:8      | Reached skill level 5 in Fighting
 16745 | D:8      | Found a staircase to the Lair.
 17041 | D:8      | Learned a level 2 spell: Static Discharge
 17045 | D:8      | Learned a level 3 spell: Dazzling Flash
 17200 | D:8      | Learned a level 4 spell: Fulminant Prism
 17363 | D:8      | Found a stormy altar of Qazlal.
 17526 | D:8      | Found an ornate altar of the Wu Jian Council.
 17759 | D:8      | Noticed a moth of wrath
 17762 | D:8      | Found a bloodstained altar of Trog.
 17762 | D:8      | Found a transporter.
 17770 | D:8      | Noticed CowFu's ghost (novice DDBe)
 17904 | Lair:1   | Entered Level 1 of the Lair of Beasts
 17904 | Lair:1   | Noticed a cane toad
 17907 | Lair:1   | Offered knowledge of Airstrike by Vehumet.
 17911 | Lair:1   | Noticed a six-headed hydra
 17915 | Lair:1   | Learned a level 4 spell: Airstrike
 17949 | D:8      | Killed a cane toad
 17950 | D:8      | Reached skill level 1 in Air Magic
 18424 | D:9      | Reached skill level 1 in Hexes
 18584 | D:9      | Found a shimmering blue altar of Sif Muna.
 18797 | D:9      | Reached skill level 1 in Shields
 18801 | D:9      | Reached XP level 11. HP: 19/64 MP: 6/22
 21302 | Lair:1   | Reached **** piety under Vehumet
 22459 | Lair:1   | Noticed Maggie
 22765 | Lair:1   | Killed Maggie
 23239 | Lair:2   | Reached skill level 12 in Conjurations
 24117 | Lair:2   | Noticed a four-headed hydra
 24124 | Lair:2   | Killed a four-headed hydra
 25310 | Lair:3   | Found a staircase to the Snake Pit.
 25314 | Lair:3   | Reached skill level 5 in Air Magic
 25565 | Lair:3   | Offered knowledge of Freezing Cloud by Vehumet.
 25613 | Lair:3   | Learned a level 5 spell: Freezing Cloud
 26162 | Lair:3   | Reached XP level 12. HP: 71/71 MP: 19/24
 26207 | Lair:3   | Reached skill level 1 in Ice Magic
 28971 | Lair:4   | Found a staircase to the Swamp.
 30208 | Lair:4   | Reached skill level 13 in Conjurations
 31334 | Lair:5   | Reached XP level 13. HP: 67/78 MP: 16/26
 31811 | Lair:5   | Reached skill level 10 in Stealth
 33691 | Lair:6   | Entered Level 6 of the Lair of Beasts
 34519 | Lair:5   | Learned a level 4 spell: Hailstorm
 35493 | Lair:6   | Found a viscous altar of Jiyva.
 35493 | Lair:6   | Found a staircase to the Slime Pits.
 36375 | Lair:6   | Reached ***** piety under Vehumet
 36719 | Lair:5   | Offered knowledge of Lightning Bolt by Vehumet.
 38872 | Lair:6   | Reached skill level 10 in Dodging
 39324 | Lair:6   | Reached XP level 14. HP: 84/84 MP: 19/28
 39772 | Lair:6   | Reached skill level 5 in Ice Magic
 40139 | Lair:6   | Reached skill level 14 in Conjurations
 41606 | D:10     | Entered Level 10 of the Dungeon
 42194 | D:10     | Found a blossoming altar of Fedhas.
 42475 | D:10     | Found a corrupted altar of Lugonu.
 42478 | D:10     | Found a one-way gate to the infinite horrors of the Abyss.
 42917 | D:10     | Found a burning altar of Makhleb.
 43736 | D:11     | Upgraded the game from 0.27-a0-1301-g128193abf8 to
                  | 0.27-a0-1308-gc08437e49b
 43857 | D:11     | Noticed Nergalle
 43864 | D:11     | Killed Nergalle
 44631 | D:11     | Offered knowledge of Sticky Flame by Vehumet.
 44794 | D:11     | Found a staircase to the Orcish Mines.
 45093 | D:11     | Found Silojus's General Store.
 45096 | D:11     | Bought a scroll of magic mapping for 42 gold pieces
 45096 | D:11     | Bought a scroll of blinking for 90 gold pieces
 45096 | D:11     | Bought a wand of digging (6) for 240 gold pieces
 45980 | D:12     | Found Erucw's Antique Armour Boutique.
 46219 | D:12     | Bought a runed hat for 203 gold pieces
 46749 | D:12     | Noticed Rupert
 46810 | D:12     | Noticed Josephine
 46816 | D:12     | Killed Josephine
 47443 | D:12     | Reached skill level 1 in Evocations
 47826 | D:12     | You are sucked into a shaft and drop 2 floors!
 48085 | D:14     | Noticed Azrael
 48129 | D:14     | Reached skill level 10 in Air Magic
 48147 | D:14     | Killed Azrael
 49564 | D:13     | Reached skill level 10 in Spellcasting
 49960 | D:12     | Reached XP level 15. HP: 91/91 MP: 25/30
 54781 | D:14     | Found a gate to the Vaults.
 55317 | D:14     | Reached skill level 5 in Translocations
 55665 | D:14     | Learned a level 3 spell: Mephitic Cloud
 55671 | D:14     | Identified the amulet of Temptation {Spirit -Tele rElec
                  | Int-2 Stlth+}
 55673 | D:14     | Identified the +2 long sword "Jivuirph" {freeze, Int+3}
 55707 | D:15     | Entered Level 15 of the Dungeon
 56769 | D:15     | Reached skill level 10 in Fighting
 56769 | D:15     | Reached skill level 15 in Conjurations
 56772 | D:15     | Reached skill level 1 in Poison Magic
 59017 | D:15     | Noticed Louise
 59019 | D:15     | Cast into level 2 of the Abyss (Louise)
 59179 | Abyss:2  | Noticed an Executioner
 59273 | Abyss:2  | Offered knowledge of Fireball by Vehumet.
 59597 | Abyss:2  | Noticed a tentacled starspawn
 59609 | Abyss:2  | Killed a tentacled starspawn
 59750 | Abyss:2  | Reached XP level 16. HP: 70/97 MP: 4/31
 59756 | Abyss:2  | Noticed a tentacled starspawn
 59759 | Abyss:2  | Noticed a tentacled starspawn
 59870 | Abyss:2  | Gained mutation: You are frail. (-10% HP) [a neqoxec]
 59908 | Abyss:2  | Noticed a tentacled monstrosity
 60104 | Abyss:2  | Gained mutation: You are very frail. (-20% HP) [a neqoxec]
 60159 | D:15     | Escaped the Abyss
 60830 | D:15     | Killed Louise
 61936 | D:15     | Found a staircase to the Depths.
 62057 | Orc:1    | Entered Level 1 of the Orcish Mines
 62753 | Orc:1    | Reached skill level 5 in Evocations
 63198 | Orc:1    | Found Qeixihee's Assorted Antiques.
 63207 | Orc:1    | Bought a scroll of teleportation for 78 gold pieces
 63207 | Orc:1    | Bought a potion of curing for 78 gold pieces
 63275 | Orc:2    | Entered Level 2 of the Orcish Mines
 63276 | Orc:2    | Offered knowledge of Eringya's Noxious Bog by Vehumet.
 63435 | Orc:2    | Found a runed translucent gate.
 63435 | Orc:2    | Found a runed translucent gate.
 63435 | Orc:2    | Found a runed translucent gate.
 63437 | Orc:2    | Noticed flotson's ghost (journeyman DsDe)
 65173 | Orc:2    | Found a staircase to the Elven Halls.
 66017 | Orc:2    | Found Mipt's Antique Armour Shop.
 66017 | Orc:2    | Found Nuusen's Antique Weapon Shoppe.
 66595 | Orc:2    | Found Ponwiobi's Magic Scroll Shop.
 66595 | Orc:2    | Found Qipien's Distillery.
 66601 | Orc:2    | Bought a scroll of fog for 24 gold pieces
 66610 | Orc:2    | Bought 2 potions of curing for 90 gold pieces
 66610 | Orc:2    | Bought a potion of haste for 150 gold pieces
 66610 | Orc:2    | Bought a potion of resistance for 150 gold pieces
 66610 | Orc:2    | Bought a potion of curing for 45 gold pieces
 66610 | Orc:2    | Bought a potion of heal wounds for 75 gold pieces
 66610 | Orc:2    | Bought 2 potions of heal wounds for 150 gold pieces
 67100 | Orc:1    | Bought a scroll of amnesia for 91 gold pieces
 67107 | Orc:1    | Learned a level 5 spell: Lightning Bolt
 68343 | D:14     | Offered knowledge of Starburst by Vehumet.
 68880 | Snake:1  | Entered Level 1 of the Snake Pit
 69568 | Snake:1  | Noticed Kirke
 70315 | Snake:1  | Killed Kirke
 70316 | Snake:1  | Reached skill level 1 in Armour
 70445 | Snake:1  | Identified the Handbook of Congealing Lightness
 70905 | Snake:1  | Found Tircheir's Antique Weapon Shop.
 70905 | Snake:1  | Found Pacuapn's Book Boutique.
 72095 | Snake:1  | Reached XP level 17. HP: 83/83 MP: 19/33
 73073 | Snake:2  | Found Hunguliy's Distillery.
 73124 | Snake:2  | Found a flickering gateway to a bazaar.
 73264 | Bazaar   | Entered a bazaar
 73417 | Bazaar   | Found Xogekis's Weapon Emporium.
 73417 | Bazaar   | Found Osuserau's Weapon Emporium.
 73456 | Bazaar   | Found Ydourump's Antique Weapon Shoppe.
 73456 | Bazaar   | Found Wayxof Baqu's Book Shoppe.
 73476 | Bazaar   | Bought a book of Fire for 845 gold pieces
 73546 | Snake:2  | Learned a level 3 spell: Ignite Poison
 75175 | Snake:2  | Reached skill level 1 in Fire Magic
 76309 | Snake:2  | Offered knowledge of Lee's Rapid Deconstruction by Vehumet.
 76335 | Snake:2  | Slain by a salamander

Illustrated notes

Levels and vault maps discovered:
D:1:      lemuel_arrival_room, layout_basic, hex_tiny
D:2:      layout_loops_ring, dilly_ecumenical_altar_fadedgnrine, uniq_jessica
D:3:      layout_basic, lemuel_round_altar, minmay_misc_feat_roman,
          palyth_stone_intersect
D:4:      layout_loops_ring, old_standard_altar, lemuel_doored_altar
D:5:      layout_loops_ring, kennysheep_mini_moat, minmay_temple_entry_trees,
          grunt_ministairs_7, minmay_ruined_shrine
D:6:      layout_gridville, nicolae_gozag_zags_fifth_avenue,
          portal_sewer_entry_d
D:7:      layout_loops_corners, marbit_many_paths, lightli_church_of_beogh
D:8:      layout_cave_pools, grunt_temple_overflow_holy_war,
          lemuel_crystal_altar, lemuel_round_altar,
          nicolae_wu_jian_wuxing_cycle, david_lair_generic,
          gammafunk_ghost_wrathful_warriors
D:9:      layout_roguey, old_standard_altar
D:10:     layout_loops_ring, hangedman_feature_mirror,
          amcnicky_altar_lugonu_corruption
D:11:     layout_long_grid, david_orc_4, gauntlet_entry_generic, serial_shops,
          kennysheep_mini, uniq_nergalle
D:12:     layout_loops_corners, serial_shops, nicolae_shop_waterfront,
          uniq_rupert, uniq_josephine
D:13:     layout_layer_cave, hangedman_decor_opposing
D:14:     kennysheep_bubble_arena, layout_rooms, grunt_vaults_entry_tiered,
          onia_ninara_dug_in_and_dangerous, uniq_azrael
D:15:     grunt_enter_depths_snipers, layout_rooms, uniq_louise
Lair:1:   layout_chaotic_city, roderic_batcave, uniq_maggie
Lair:2:   layout_cave_pods
Lair:3:   layout_cave_pods, guppyfry_snake_entry_island
Lair:4:   layout_layer_cave, swamp_mist, st_stairs_13, patterned_corridor,
          infiniplex_staircase_pool_2
Lair:5:   layout_cellular_growth, wad_woods_03, grunt_megastairs_3
Lair:6:   minmay_lair_end_frog_pond, layout_misc_corridors, slime_altar_1,
          lemuel_fruit_tree
Snake:1:  layout_concentric_octagons, minmay_shoptagon, grunt_megastairs_5,
          uniq_kirke
Snake:2:  layout_basic, serial_shops, bzr_in_the_mist, minmay_shop_star
Orc:1:    layout_caves, serial_shops, nicolae_lakefront_shop
Orc:2:    st_orc_town, layout_diamond_mine, gammafunk_ghost_split, rock_pile

Skill      XL: |  1  2  3  4  5  6  7  8  9 10 11 12 13 14 15 16 17 |
---------------+----------------------------------------------------+-----
Conjurations   | 6 7 8 9 10 11 12 13 14 15 | 15.9
Stealth        | 3 4 5 6 7 8 9 10 11 12 | 12.8
Spellcasting   | 3 4 5 6 7 8 9 10 11 | 11.2
Dodging        | 3 4 5 7 8 9 10 11 12 | 12.2
Short Blades   | 1 |  1.0
Fighting       | 2 4 5 6 7 8 9 10 11 | 11.0
Translocations | 1 2 4 5 6 |  6.5
Air Magic      | 2 5 7 9 10 11 12 | 12.3
Hexes          | 1 2 |  2.8
Shields        | 1 3 4 |  4.0
Ice Magic      | 3 4 5 6 |  6.2
Evocations     | 2 4 5 6 |  6.3
Poison Magic   | 2 4 |  4.7
Armour         | 2 3 |  3.0
Fire Magic     | 1 |  1.6

Action                   |  1- 3 |  4- 6 |  7- 9 | 10-12 | 13-15 | 16-18 || total
-------------------------+-------+-------+-------+-------+-------+-------++-------
Melee: Dagger            |       |     8 |    29 |       |       |       ||    37
       Kick              |       |     3 |     8 |    35 |    72 |    29 ||   147
       Peck              |       |       |     6 |    24 |    44 |    17 ||    91
       Short sword       |       |       |    19 |    51 |   116 |    60 ||   246
       Staff             |       |       |       |    87 |    89 |    37 ||   213
       Long sword        |       |       |       |       |    19 |    15 ||    34
Throw: Dart              |       |       |       |       |     2 |     1 ||     3
 Cast: Magic Dart        |    55 |    54 |   191 |   320 |   363 |   299 ||  1282
       Searing Ray       |       |     9 |    43 |    86 |   108 |    64 ||   310
       Iskenderun's Myst |       |       |       |    15 |   149 |   104 ||   268
       Dazzling Flash    |       |       |       |     4 |    17 |       ||    21
       Fulminant Prism   |       |       |       |    22 |    38 |     3 ||    63
       Airstrike         |       |       |       |     1 |   225 |    47 ||   273
       Freezing Cloud    |       |       |       |     2 |    45 |    53 ||   100
       Hailstorm         |       |       |       |       |     3 |    12 ||    15
       Mephitic Cloud    |       |       |       |       |     5 |    27 ||    32
       Lightning Bolt    |       |       |       |       |       |     1 ||     1
       Static Discharge  |       |       |       |       |       |     1 ||     1
Evoke: Wand              |       |       |       |       |     9 |    25 ||    34
       Condenser vane    |       |       |       |       |     2 |     1 ||     3
       Lightning rod     |       |       |       |       |     4 |     6 ||    10
  Use: Scroll            |       |       |    14 |    14 |    12 |     6 ||    46
       Potion            |       |       |     1 |     1 |     4 |     5 ||    11
 Stab: Sleeping          |       |     1 |     4 |     2 |     3 |       ||    10
       Invisible         |       |       |       |     2 |     5 |       ||     7
       Confused          |       |       |       |       |       |     2 ||     2
       Paralysed         |       |       |       |       |       |     1 ||     1
Armor: Robe              |     1 |     4 |    34 |   103 |   154 |    27 ||   323
       Swamp dragon scal |       |       |       |       |       |    17 ||    17
Dodge: Dodged            |     5 |    18 |    97 |   217 |   352 |   139 ||   828
Block: Buckler           |       |       |       |    79 |   238 |   157 ||   474
       Reflection        |       |       |       |       |    18 |    23 ||    41
       Rpst.: Long sword |       |       |       |       |     5 |     3 ||     8

Table legend: (Time is in decaauts)
 A = Elapsed time spent in this place.
 B = Non-inter-level travel time spent in this place.
 C = Inter-level travel time spent in this place.
 D = Time resting spent in this place.
 E = Time spent auto-exploring this place.
 F = Levels seen in this place.
 G = Mean time per level.
                   A        B        C        D        E       F      G
               +--------+--------+--------+--------+--------+-----+--------+
         Total |  74383 |  72685 |   1698 |  47437 |  15904 |  28 | 2656.5 |
       Dungeon |  39820 |  38729 |   1091 |  24242 |   9663 |  15 | 2654.7 |
          Lair |  19858 |  19333 |    525 |  13116 |   4049 |   6 | 3309.7 |
     Snake Pit |   7072 |   7055 |     17 |   5278 |    993 |   2 | 3536.0 |
  Orcish Mines |   5144 |   5080 |     64 |   3401 |    949 |   2 | 2572.0 |
         Abyss |   1093 |   1093 |      0 |    564 |      0 |   1 | 1093.0 |
        Bazaar |    228 |    228 |      0 |    130 |      0 |   1 |  228.0 |
         Sewer |   1165 |   1165 |      0 |    703 |    248 |   1 | 1165.0 |
               +--------+--------+--------+--------+--------+-----+--------+

Top non-repeatable levels by time:
  Lair:5: 6455 daAuts
    D:14: 4778 daAuts
 Snake:1: 4069 daAuts
    D:15: 3951 daAuts
    D:12: 3855 daAuts
    D:13: 3780 daAuts
   Orc:2: 3721 daAuts
     D:7: 3356 daAuts
  Lair:3: 3153 daAuts
     D:5: 3083 daAuts
  Lair:6: 3004 daAuts
 Snake:2: 3002 daAuts
  Lair:4: 2854 daAuts
     D:8: 2620 daAuts
  Lair:2: 2467 daAuts
